cohdb
Replays
Latest Replays
All Replays
Popular Replays
Top Player Replays
Match Explorer
How It Works
Community
CoH3 Stats
Reddit
Sign in to upload your games and track your stats! →
Sign in with Steam
Match 43871594
Unlisted
Match 43871594
Overview
Messages
Build Orders
End
Pioneer Squad
Construct Infanterie Kompanie
Selects Terror Battlegroup
Selects Machine Gun Camouflage
MG 42 Machine Gun Team
MG 42 Machine Gun Team
MG 42 Machine Gun Team
Construct Panzergrenadier Kompanie
251 Medium Carrier
Pak 40 Anti-tank Gun Team
Infanterie Officer Quarters
Panzergrenadier Squad
Panzergrenadier Squad
Construct Panzer Kompanie
Stoßtruppen Squad
Panzer Officer Quarters
Stoßtruppen Squad
bigcheese
andcrew
~SOK-BarbaPeñaloza
GetSlaped
0
0
Comments
sign in to comment!
No comments posted yet!